 Dungeon Crawl Stone Soup version 0.26-a0-415-g2a9615731a (webtiles) character file.

Game seed: 13183058702365062357

125349 KristoblXynda the Fencer (level 16, -2/134 HPs)
             Began as a Yellow Draconian Monk on July 25, 2020.
             Was the Champion of Cheibriados.
             Slain by an emperor scorpion (16 damage)
             ... on level 1 of the Spider Nest.
             The game lasted 00:58:35 (35700 turns).

KristoblXynda the Fencer (Yellow Draconian Monk)   Turns: 35700, Time: 00:58:36

Health: -2/134     AC: 14    Str: 30    XL:     16   Next: 41%
Magic:  28/28      EV: 28    Int: 34    God:    Cheibriados [******]
Gold:   795        SH:  0    Dex: 29    Spells: 25/32 levels left

rFire    + . .     SeeInvis .   J - +11 scimitar of the First Hosts {freeze, *Drain +Fly rPois Stlth+}
rCold    . . .     Faith    .   (no shield)
rNeg     . . .     Spirit   .   (armour unavailable)
rPois    +         Reflect  .   (helmet restricted)
rElec    +         Harm     .   w - +1 cloak
rCorr    +                      g - +1 pair of gloves
MR       +++..                  I - +0 pair of boots
Stlth    ++++......             y - amulet of the acrobat
HPRegen  0.32/turn              M - ring "Yzeyqoo" {rElec rPois rF+}
MPRegen  0.21/turn              E - ring of the Mage {Wiz MR++ Int+3}

@: about to teleport, short of breath, very slow
A: spit acid, unfitting armour, acidic bite, cold-blooded, acid resistance, AC
+9
a: Breathe Acid, Bend Time, Temporal Distortion, Slouch, Step From Time,
Renounce Religion, Evoke Flight


You were on level 1 of the Spider Nest.
You worshipped Cheibriados.
Cheibriados was exalted by your worship.
You visited 5 branches of the dungeon, and saw 26 of its levels.
You also visited: Sewer.

You collected 2561 gold pieces.
You spent 1766 gold pieces at shops.

Inventory:

Hand Weapons
 q - a +8 scimitar of flaming
 J - the +11 scimitar of the First Hosts (weapon) {freeze, *Drain +Fly rPois Stlth+}
   (You bought it in a shop on level 2 of the Orcish Mines)

   It has been specially enchanted to freeze those struck by it, causing extra
   injury to most foes and up to half again as much damage against particularly
   susceptible opponents.
   It can also slow down cold-blooded creatures.
   It protects you from poison.
   It lets you fly.
   It causes draining when unequipped.
   It makes you more stealthy.
Armour
 g - a +1 pair of gloves (worn)
 w - a +1 cloak (worn)
 I - a +0 pair of boots (worn)
 R - a +0 kite shield
Jewellery
 l - the ring "Yligg" {*Tele SInv, unknown}
   (You found it on level 1 of the Spider Nest)

   [ring of teleportation]

   It may teleport you next to monsters.
   It lets you see invisible.
 y - an amulet of the acrobat (around neck)
 E - the ring of the Mage (right hand) {Wiz MR++ Int+3}
   (You found it on level 8 of the Dungeon)

   [ring of wizardry]

   It improves your spell success rate.
   It affects your intelligence (+3).
   It affects your resistance to hostile enchantments.
 M - the ring "Yzeyqoo" (left hand) {rElec rPois rF+}
   (You bought it in a shop on level 2 of the Orcish Mines)

   [ring of protection from fire]

   It protects you from fire.
   It insulates you from electricity.
   It protects you from poison.
Wands
 a - a wand of paralysis (3)
 v - a wand of iceblast (10)
 x - a wand of digging (13)
Scrolls
 d - 6 scrolls of identify
 h - 6 scrolls of magic mapping
 o - 5 scrolls of teleportation
 r - 14 scrolls of remove curse
 s - a scroll of blinking
 u - 3 scrolls of fog
 C - 2 scrolls of holy word
 K - 2 scrolls of amnesia
Potions
 b - 11 potions of curing
 c - 2 potions of invisibility
 e - 5 potions of heal wounds
 f - 2 potions of cancellation
 i - 4 potions of lignification
 j - 5 potions of might
 k - 3 potions of ambrosia
 m - 3 potions of flight
 n - 4 potions of stabbing
 t - 2 potions of mutation
 D - a potion of magic
 H - a potion of brilliance
 L - a potion of resistance
Miscellaneous
 B - 2 boxes of beasts
 F - a tin of tremorstones (3/3)
 Q - 2 phantom mirrors


   Skills:
 + Level 9.9 Fighting
 + Level 15.6 Long Blades
 + Level 13.9 Dodging
 - Level 1.7 Stealth
 + Level 8.7 Spellcasting
 - Level 10.1 Conjurations
 - Level 10.0 Invocations
 - Level 10.0 Evocations


You had 25 spell levels left.
You knew the following spells:

 Your Spells              Type           Power        Failure   Level
a - Dazzling Flash        Conj/Hex       #####.       1%          3
b - Iskenderun's Mystic   Conj/Tloc      #####...     1%          4

Your spell library contained the following spells:

 Spells                   Type           Power        Failure   Level
 Apportation              Tloc           ##....       1%          1
 Magic Dart               Conj           ####         1%          1
 Shock                    Conj/Air       ####         1%          1
 Blink                    Tloc           N/A          1%          2
 Searing Ray              Conj           ######       1%          2
 Swiftness                Air            ##......     1%          2
 Static Discharge         Conj/Air       #####...     1%          3
 Fulminant Prism          Conj/Hex       #####.....   1%          4
 Gell's Gravitas          Tloc           ##........   3%          3
 Lesser Beckoning         Tloc           ##........   3%          3
 Teleport Other           Tloc           ##......     3%          3
 Tukima's Dance           Hex            ##......     3%          3
 Lightning Bolt           Conj/Air       #####.....   4%          5
 Airstrike                Air            ##........   12%         4
 Passage of Golubria      Tloc           N/A          12%         4
 Alistair's Intoxication  Tmut/Pois      ##.......    32%         5
 Invisibility             Hex            ##......     86%         6


Dungeon Overview and Level Annotations

Branches:
Dungeon (15/15)            Temple (1/1) D:7            Lair (6/6) D:9
 Shoals (0/4) Lair:3       Spider (2/4) Lair:2        Slime (0/5) Lair:6
    Orc (2/2) D:9             Elf (0/3) Orc:2        Vaults (0/5) D:13
 Depths (0/5) D:15          Sewer (visited)

Altars:
Ashenzari
Cheibriados
Dithmenos
Elyvilon
Fedhas
Gozag
Hepliaklqana
Kikubaaqudgha
Makhleb
Nemelex Xobeh
Okawaru
Qazlal
Ru
Sif Muna
Trog
Uskayaw
Vehumet
Wu Jian
Xom
Yredelemnul
Zin
The Shining One
Jiyva

Shops:
D:13 [(   Orc:2 ((*=

Portals:
Trove: D:13 (give 5 scrolls of fear)

Annotations:
Lair:4 exclusion: 2 oklob plants
Spider:2 Arachne
Orc:2 2 transporters, qipq's ghost, journeyman HuCj


Innate Abilities, Weirdness & Mutations

You can spit globs of acid.
Your golden yellow scales are hard. (AC +9)
You cannot fit into any form of body armour.
You have acidic saliva.
You are cold-blooded and may be slowed by cold attacks.
You are resistant to acid. (rCorr)


Message History

You feel sick. The emperor scorpion stings you!
* * * LOW HITPOINT WARNING * * *
You are lethally poisoned!
The emperor scorpion poisons you!
The emperor scorpion completely misses you. x2
There is a stone staircase leading down, spattered with blood here.
You feel better. The emperor scorpion stings you!
* * * LOW HITPOINT WARNING * * *
The emperor scorpion claws you but does no damage.
The emperor scorpion claws you!
* * * LOW HITPOINT WARNING * * *
There is a stone staircase leading down, spattered with blood here.
Unknown command.
There is a stone staircase leading down, spattered with blood here.
Press: ? - help, Dir - move target cursor, p - emperor scorpion
Okay, then.
There is a stone staircase leading down, spattered with blood here.
As you read the scroll of teleportation, it crumbles to dust.
You feel strangely unstable. The emperor scorpion stings you!
You die...

.............≈###
##..##....^...#≈###
#^...##.#.#..##.≈≈##
##..########....#≈≈##
......#..####...≈≈#≈#
#....##..##.##...≈≈##
##...........####≈≈#
.##......^..##.†.###
.#.......####..†@s# ###
.....#........###.# ######.##
#..#.#.#........#####..#....#
...####≈.#.#......#.##......#
...#####≈#≈#.^...##..##....##
..###≈#≈≈≈...[#.....####..####
.###≈≈≈≈#≈#...##.....#....#..#
##
###≈≈≈≈...####...##....^..###
##=#≈##.(.##...###..#......#


You could see an emperor scorpion.

Vanquished Creatures
  Jorgrun (Orc:1)
  Rupert (D:13)
  Kirke (Spider:1)
  An emperor scorpion (Spider:1)
  A dire elephant (D:15)
  A spark wasp (Spider:2)
  Snorg (Lair:3)
  An ettin (Orc:2)
  2 fire dragons
  9 hydras
  Erica (D:8)
  5 centaur warriors
  A queen ant (Lair:2)
  3 two-headed ogres
  3 orc high priests (Orc:2)
  Urug (D:12)
  3 death yaks (Lair:6)
  3 tengu warriors
  A fire crab (Lair:6)
  A sea snake (shapeshifter) (D:14)
  4 unseen horrors
  A swamp dragon (Lair:6)
  9 orc knights
  Pikel (D:4)
  2 deep elf magi (D:15)
  A manticore (Lair:3)
  5 orc sorcerers
  15 wolf spiders
  6 orb spiders (Spider:1)
  14 elephants
  5 centaur zombies
  10 ugly things
  5 cyclopes
  2 black mambas
  A naga mage (D:15)
  13 cane toads
  3 gargoyles
  4 kobold demonologists
  2 demonic crawlers (Spider:1)
  2 freezing wraiths (D:14)
  6 komodo dragons
  4 rime drakes
  An efreet (D:15)
  A queen bee (shapeshifter) (D:15)
  10 trolls
  14 jumping spiders
  A harpy skeleton (D:15)
  A hornet (D:12)
  11 slime creatures
  13 blink frogs
  Grinder (D:3)
  10 hippogriffs
  A spriggan (shapeshifter) (D:13)
  4 wraiths
  3 shadows
  12 tarantellas (Spider:1)
  A vampire (D:15)
  36 redbacks
  5 wyverns
  53 yaks
  10 vampire mosquitoes
  8 basilisks
  16 humans (D:13)
  Grum (D:9)
  5 wargs
  3 steam dragons
  2 swamp worms (D:9)
  7 soldier ants
  2 acid dragons (Lair:6)
  Edmund (D:5)
  15 water moccasins
  3 porcupines (Lair:1)
  26 orc warriors
  2 swamp drakes (Lair:6)
  2 ice beasts
  5 sky beasts
  2 black bears
  3 boggarts (D:15)
  4 eyes of draining
  A phantom (D:6)
  A necrophage (D:11)
  18 centaurs
  7 wolves
  10 ogres
  10 crocodiles
  9 big kobolds
  A wyvern zombie (D:11)
  12 bullfrogs
  A wyvern skeleton (D:9)
  4 scorpions
  A troll zombie (D:9)
  5 electric eels
  15 wights
  4 howler monkeys
  2 bullfrog zombies
  7 human zombies (D:9)
  5 jellies
  8 hounds
  26 orc wizards
  6 centaur skeletons
  20 orc priests
  Ijyb (D:3)
  6 iguanas
  38 worker ants
  3 hound skeletons (D:10)
  A mummy (D:9)
  A worker ant zombie (D:7)
  12 gnolls
  13 adders
  7 river rats (Sewer)
  An ooze (D:3)
  An adder zombie (D:5)
  2 worms
  4 leopard geckos
  77 orcs
  9 bats
  6 giant cockroaches
  6 goblins
  3 hobgoblins (D:3)
  7 jackals
  3 quokkas
  8 ball pythons
  4 frilled lizards
  A jackal skeleton (D:7)
  41 kobolds
  A quokka zombie (D:5)
  20 rats
  A fungus (Lair:6)
901 creatures vanquished.

Vanquished Creatures (collateral kills)
  An orc (D:13)
1 creature vanquished.

Vanquished Creatures (others)
  A redback (Spider:1)
  A human (Spider:2)
  19 bushes
  A fire vortex (Lair:6)
  4 fungi
  22 plants
48 creatures vanquished.

Grand Total: 950 creatures vanquished

Notes
Turn   | Place    | Note
-------+----------+-------------------------------------------
     0 | D:1      | KristoblXynda the Draconian Monk began the quest for the
                  | Orb.
     0 | D:1      | Reached XP level 1. HP: 19/19 MP: 1/1
   646 | D:2      | Reached XP level 2. HP: 10/26 MP: 2/2
  1022 | D:2      | Found a bloodstained altar of Trog.
  1063 | D:2      | Found an opulent altar of Gozag.
  1107 | D:2      | Noticed a scorpion
  1131 | D:2      | Killed a scorpion
  1131 | D:2      | Reached skill level 4 in Long Blades
  1131 | D:2      | Reached XP level 3. HP: 13/33 MP: 3/3
  1131 | D:2      | Reached XP level 4. HP: 16/40 MP: 4/4
  1743 | D:3      | Noticed Ijyb
  1754 | D:3      | Paralysed by Ijyb for 2 turns
  1775 | D:3      | Killed Ijyb
  1952 | D:3      | Noticed Grinder
  1961 | D:3      | Paralysed by Grinder for 7 turns
  1991 | D:3      | Killed Grinder
  1991 | D:3      | Reached skill level 5 in Long Blades
  1991 | D:3      | Reached XP level 5. HP: 19/47 MP: 5/5
  1991 | D:3      | Reached XP level 6. HP: 21/53 MP: 6/6
  2182 | D:3      | Found a basalt altar of Yredelemnul.
  2223 | D:3      | Found a glowing drain.
  2243 | Sewer    | Entered a sewer
  2834 | Sewer    | Reached skill level 5 in Fighting
  3669 | D:4      | Reached skill level 6 in Long Blades
  3669 | D:4      | Your scales start taking on a golden yellow colour.
  3669 | D:4      | Reached XP level 7. HP: 52/61 MP: 7/7
  3669 | D:4      | Gained mutation: You are resistant to acid. (rCorr) [Yellow
                  | Draconian growth]
  4411 | D:4      | Noticed Pikel
  4427 | D:4      | Killed Pikel
  4427 | D:4      | Reached skill level 7 in Long Blades
  4427 | D:4      | Reached skill level 5 in Dodging
  4427 | D:4      | Reached XP level 8. HP: 58/70 MP: 8/8
  4862 | D:5      | Entered Level 5 of the Dungeon
  4880 | D:5      | Found a white marble altar of Elyvilon.
  5146 | D:5      | Found a radiant altar of Vehumet.
  5160 | D:5      | Reached skill level 8 in Long Blades
  5344 | D:5      | Found a sparkling altar of Nemelex Xobeh.
  5627 | D:5      | Found a shimmering blue altar of Sif Muna.
  5688 | D:5      | Found a stormy altar of Qazlal.
  5690 | D:5      | Noticed an air elemental
  5735 | D:5      | Noticed Edmund
  5747 | D:5      | Killed Edmund
  5747 | D:5      | Reached skill level 1 in Evocations
  6028 | D:6      | Found a hazy altar of Hepliaklqana.
  6122 | D:6      | Found a snail-covered altar of Cheibriados.
  6325 | D:6      | Became a worshipper of Cheibriados the Contemplative
  6325 | D:6      | Reached * piety under Cheibriados
  6325 | D:6      | Reached ** piety under Cheibriados
  6330 | D:6      | Learned a level 3 spell: Dazzling Flash
  6747 | D:7      | Found a blossoming altar of Fedhas.
  6809 | D:7      | Reached XP level 9. HP: 79/79 MP: 9/9
  6920 | D:7      | Reached skill level 1 in Invocations
  7086 | D:7      | Found a shimmering altar of Xom.
  7404 | D:7      | Found a staircase to the Ecumenical Temple.
  7412 | Temple   | Entered the Ecumenical Temple
  7976 | D:7      | Reached *** piety under Cheibriados
  9111 | D:7      | Reached skill level 9 in Long Blades
  9425 | D:8      | Found the ring of the Mage {Wiz MR++ Int+3}
  9570 | D:8      | Noticed Erica
  9575 | D:8      | Reached **** piety under Cheibriados
  9587 | D:8      | Killed Erica
  9587 | D:8      | Reached XP level 10. HP: 36/86 MP: 11/13
  9915 | D:8      | Found an ornate altar of the Wu Jian Council.
 10022 | D:8      | Found a glowing golden altar of the Shining One.
 10506 | D:9      | Reached skill level 5 in Invocations
 10787 | D:9      | Noticed Grum
 10788 | D:9      | Noticed a two-headed ogre
 10800 | D:9      | Killed a two-headed ogre
 10808 | D:9      | Reached ***** piety under Cheibriados
 10812 | D:9      | Killed Grum
 10812 | D:9      | Reached skill level 10 in Long Blades
 10821 | D:9      | HP: 4/86 [swamp worm (4)]
 11173 | D:9      | Found a staircase to the Orcish Mines.
 11333 | D:9      | Found an ancient bone altar of Kikubaaqudgha.
 11469 | D:9      | Found a staircase to the Lair.
 11469 | D:9      | Noticed an elephant
 11483 | D:9      | Killed an elephant
 11486 | D:9      | Noticed a cyclops
 11508 | D:9      | Killed a cyclops
 11842 | D:9      | Noticed a two-headed ogre
 11846 | D:9      | Killed a two-headed ogre
 11846 | D:9      | Reached skill level 5 in Conjurations
 11846 | D:9      | Reached XP level 11. HP: 58/92 MP: 16/16
 12145 | D:10     | Entered Level 10 of the Dungeon
 12738 | D:10     | Killed an unseen horror
 13386 | D:11     | Noticed a brown ugly thing
 13391 | D:11     | Killed a brown ugly thing
 13590 | D:11     | Reached ****** piety under Cheibriados
 13637 | D:11     | Reached skill level 11 in Long Blades
 14845 | D:11     | Noticed a four-headed hydra
 14854 | D:11     | Killed an unseen horror
 14858 | D:11     | Killed a one-headed hydra
 14880 | D:11     | Reached XP level 12. HP: 48/100 MP: 18/18
 16348 | D:13     | Found a gate to the Vaults.
 16348 | D:13     | Noticed Urug
 16348 | D:13     | Noticed a centaur warrior
 16348 | D:13     | Noticed Rupert
 16433 | Lair:1   | Entered Level 1 of the Lair of Beasts
 16539 | Lair:1   | Reached skill level 10 in Dodging
 16836 | Lair:1   | Reached skill level 12 in Long Blades
 17559 | Lair:2   | Found a hide-covered altar of Uskayaw.
 17738 | Lair:2   | Noticed a queen ant
 17746 | Lair:2   | Reached skill level 10 in Invocations
 17754 | Lair:2   | Killed a queen ant
 18271 | Lair:2   | Found a hole to the Spider Nest.
 18592 | Lair:3   | Reached skill level 5 in Evocations
 18597 | Lair:3   | Reached XP level 13. HP: 105/105 MP: 20/20
 18642 | Lair:3   | Found a staircase to the Shoals.
 18787 | Lair:3   | Noticed Snorg
 18799 | Lair:3   | Killed Snorg
 19820 | Lair:4   | Reached skill level 13 in Long Blades
 20771 | Lair:5   | Reached skill level 10 in Conjurations
 21824 | Lair:6   | Entered Level 6 of the Lair of Beasts
 21827 | Lair:6   | Reached skill level 1 in Spellcasting
 21991 | Lair:6   | Gained mutation: You have acidic saliva. [Yellow Draconian
                  | growth]
 21991 | Lair:6   | Reached XP level 14. HP: 45/113 MP: 21/21
 22735 | Lair:6   | Found a viscous altar of Jiyva.
 22735 | Lair:6   | Found a staircase to the Slime Pits.
 24168 | Orc:1    | Entered Level 1 of the Orcish Mines
 24218 | Orc:2    | Entered Level 2 of the Orcish Mines
 24304 | Orc:2    | Noticed Jorgrun
 24563 | Orc:1    | Killed Jorgrun
 24563 | Orc:1    | Reached skill level 14 in Long Blades
 25071 | Orc:2    | HP: 2/113 [warg[an orc knight] (9)]
 25376 | Orc:2    | Reached skill level 5 in Spellcasting
 25508 | Orc:2    | Found a staircase to the Elven Halls.
 25991 | Orc:1    | Found an iron altar of Okawaru.
 26269 | Orc:2    | Identified the +11 battleaxe "Z" {antimagic, MR+ Int+4}
 26273 | Orc:2    | Noticed qipq's ghost (journeyman HuCj)
 26829 | Orc:2    | Found a bloodstained altar of Trog.
 26843 | Orc:2    | Found a transporter.
 26846 | Orc:2    | Found a transporter.
 26962 | Orc:2    | Found Ucafehog's Weapon Boutique.
 26962 | Orc:2    | Found Foxett's Weapon Shoppe.
 26964 | Orc:2    | Found Kionn's Jewellery Boutique.
 26964 | Orc:2    | Found Coneyhic's General Store.
 26973 | Orc:2    | Bought a potion of heal wounds for 70 gold pieces
 26973 | Orc:2    | Bought 2 scrolls of magic mapping for 98 gold pieces
 26973 | Orc:2    | Bought a scroll of magic mapping for 49 gold pieces
 26975 | Orc:2    | Bought the +11 scimitar of the First Hosts {freeze, *Drain
                  | +Fly rPois Stlth+} for 945 gold pieces
 26978 | Orc:2    | Bought the ring "Yzeyqoo" {rElec rPois rF+} for 604 gold
                  | pieces
 27359 | D:13     | Reached XP level 15. HP: 113/118 MP: 23/23
 27375 | D:13     | Killed Rupert
 27445 | D:12     | Killed Urug
 27771 | D:13     | Reached skill level 10 in Evocations
 28016 | D:13     | Found Nuduus's Antique Weapon Emporium.
 28091 | D:13     | Found Plog's Antique Armour Shoppe.
 28348 | D:13     | Found a portal to a secret trove of treasure.
 28475 | D:14     | Found a snail-covered altar of Cheibriados.
 29814 | D:15     | Entered Level 15 of the Dungeon
 29818 | D:15     | Found a staircase to the Depths.
 30937 | D:15     | Reached skill level 15 in Long Blades
 31853 | D:15     | Found a blossoming altar of Fedhas.
 32432 | Spider:1 | Entered Level 1 of the Spider Nest
 32827 | Spider:1 | Learned a level 4 spell: Iskenderun's Mystic Blast
 32906 | Spider:1 | Reached XP level 16. HP: 65/132 MP: 27/27
 33847 | Spider:1 | Got a shimmering turquoise ring
 33899 | Spider:1 | HP: 6/132 [poisoned by a redback]
 33904 | Spider:1 | HP: 4/132 [poisoned by a redback]
 33909 | Spider:1 | HP: 3/132 [poisoned by a redback]
 33916 | Spider:1 | HP: 2/132 [poisoned by a redback]
 33922 | Spider:1 | HP: 2/132 [poisoned by a redback]
 33931 | Spider:1 | HP: 3/132 [poisoned by a redback]
 33937 | Spider:1 | HP: 4/132 [poisoned by a redback]
 33943 | Spider:1 | HP: 5/132 [poisoned by a redback]
 33949 | Spider:1 | HP: 6/132 [poisoned by a redback]
 35069 | Spider:2 | Noticed Kirke
 35086 | Spider:1 | Killed Kirke
 35324 | Spider:2 | Noticed Arachne
 35700 | Spider:1 | Slain by an emperor scorpion

Illustrated notes

Levels and vault maps discovered:
D:1:      mrwooster_arrival_statue_2, layout_basic
D:2:      layout_rooms, lemuel_round_altar, bloody_trog, minmay_liquid_box
D:3:      layout_basic, portal_sewer_entry_d, yredelemnul_altar_generic,
          uniq_grinder, uniq_ijyb
D:4:      layout_basic, uniq_pikel
D:5:      layout_basic, lemuel_crystal_altar, elyvilon_altar_5,
          nemelex_altar_shiori, lemuel_blue_sif_altar,
          nicolae_qazlal_style_of_elements, uniq_edmund
D:6:      layout_basic, lemuel_coloured_pillars_altar, lemuel_doored_altar,
          serial_rivers, chequers_serial_rivers_marsh,
          chequers_serial_rivers_marsh, chequers_serial_rivers_micro_e,
          chequers_serial_rivers_large_b, chequers_serial_rivers_micro_d
D:7:      layout_gridville, overflow_temple_1_default, xom_butterflies,
          minmay_temple_entry_wispy, centaur_isle
D:8:      layout_basic, tso_oasis_becter, nicolae_overflow_hidden_temple,
          chequers_serial_rivers_micro_b, kennysheep_minor_cross, uniq_erica
D:9:      layout_loops_ring, lemuel_mausoleum_altar_kikubaaqudgha,
          david_lair_generic, orc_0_dummy, minmay_crystal_water,
          grunt_ogre_cave, worms_lemuel, uniq_grum
D:10:     layout_rooms, nrook_campfire
D:11:     layout_loops_cross, minmay_pinched_square
D:12:     layout_basic, grunt_decor_arrowhead
D:13:     layout_cave_pools, david_vaults_3, enter_trove_6, serial_glass,
          glass_columns_a, glass_columns_b, glass_columns_b, glass_columns_b,
          glass_columns_c, glass_columns_c, glass_columns_c, glass_columns_a,
          serial_shops, kennysheep_mini_moat, shop
D:14:     layout_long_grid, cheibriados_altar_1
D:15:     hangedman_depths_entry_try_elsewhere_first, layout_irregular_city,
          fedhas_altar_fruit_tree, minmay_increasing_density
Temple:   compressed_dpeg_triangle_lava_temple
Lair:1:   layout_cave_pods, infiniplex_staircase_pool
Lair:2:   layout_chaotic_city, spider_nest_entry_funnel_web, basic_altar,
          zaba_antful_of_joy
Lair:3:   layout_misc_corridors, minmay_shoals_entry_beasts, uniq_snorg
Lair:4:   layout_hall_layers, beast_lair_carwin_8, minmay_lair_oklob_chamber,
          grunt_megastairs_1, lemuel_fruit_fields, serial_bayou_shore_a,
          uniq_rupert
Lair:5:   layout_regular_city
Lair:6:   guppyfry_lair_end_dragon, layout_gridlike, slime_altar_1,
          minmay_hedge_maze
Spider:1: layout_spider_delve, nicolae_spider_nook
Spider:2: lemuel_spider_zombies, uniq_kirke, uniq_arachne
Orc:1:    layout_caves, okawaru_metal_pillars_1_2, uniq_urug
Orc:2:    grunt_orc_tribal_feast, layout_diamond_mine,
          gammafunk_ghost_wrathful_warriors, uniq_jorgrun

Skill      XL: |  1  2  3  4  5  6  7  8  9 10 11 12 13 14 15 16 |
---------------+-------------------------------------------------+-----
Dodging        | 3 4 5 6 7 8 9 10 11 12 13 | 13.9
Long Blades    | 4 5 6 7 8 9 10 11 12 13 14 15 | 15.6
Fighting       | 4 5 6 7 9 |  9.9
Evocations     | 2 4 5 7 9 10 | 10.0
Invocations    | 4 6 8 10 | 10.0
Conjurations   | 2 5 7 9 10 | 10.1
Spellcasting   | 2 5 7 8 |  8.7
Stealth        | |  1.7

Action                   |  1- 3 |  4- 6 |  7- 9 | 10-12 | 13-15 | 16-18 || total
-------------------------+-------+-------+-------+-------+-------+-------++-------
Melee: Falchion          |    47 |   307 |   262 |    12 |       |       ||   628
       Tailslap          |     4 |    46 |    55 |   143 |   304 |    55 ||   607
       Scimitar          |       |       |       |   467 |   880 |   136 ||  1483
       Bite              |       |       |       |       |   168 |    36 ||   204
 Cast: Dazzling Flash    |       |       |       |       |     3 |     1 ||     4
 Abil: Breathe Acid      |       |       |     6 |     2 |    12 |     5 ||    25
Evoke: Wand              |       |       |    11 |     2 |     6 |     2 ||    21
       Box of beasts     |       |       |       |       |     1 |       ||     1
  Use: Potion            |     1 |     2 |     2 |     3 |     2 |     1 ||    11
       Scroll            |       |     8 |     4 |    18 |    13 |     2 ||    45
 Stab: Sleeping          |     3 |     3 |    13 |    13 |    14 |     1 ||    47
       Distracted        |       |       |       |     1 |     2 |       ||     3
       Paralysed         |       |       |       |       |     3 |       ||     3
       Confused          |       |       |       |       |     1 |       ||     1
Armor: Skin              |     7 |    55 |    55 |    93 |   140 |    55 ||   405
Dodge: Dodged            |    42 |   390 |   213 |   573 |  1354 |   334 ||  2906
       Rpst.: Falchion   |    11 |   117 |    64 |     2 |       |       ||   194
       Scimitar          |       |       |       |   135 |   306 |    65 ||   506

Table legend: (Time is in decaauts)
 A = Elapsed time spent in this place.
 B = Non-inter-level travel time spent in this place.
 C = Inter-level travel time spent in this place.
 D = Time resting spent in this place.
 E = Time spent auto-exploring this place.
 F = Levels seen in this place.
 G = Mean time per level.
                   A        B        C        D        E       F      G
               +--------+--------+--------+--------+--------+-----+--------+
         Total |  47613 |  45793 |   1820 |  12978 |  23847 |  27 | 1763.4 |
       Dungeon |  25919 |  24774 |   1145 |   7147 |  12862 |  15 | 1727.9 |
        Temple |    418 |    408 |     10 |      0 |    406 |   1 |  418.0 |
          Lair |  12356 |  11928 |    428 |   1814 |   7851 |   6 | 2059.3 |
   Spider Nest |   4089 |   4015 |     74 |   1863 |   1567 |   2 | 2044.5 |
  Orcish Mines |   4030 |   3870 |    160 |   1801 |   1096 |   2 | 2015.0 |
         Sewer |    799 |    799 |      0 |    353 |     64 |   1 |  799.0 |
               +--------+--------+--------+--------+--------+-----+--------+

Top non-repeatable levels by time:
Spider:1: 4063 daAuts
    D:15: 3254 daAuts
  Lair:6: 3199 daAuts
     D:9: 3122 daAuts
    D:11: 3116 daAuts
     D:7: 2706 daAuts
  Lair:4: 2150 daAuts
    D:14: 2076 daAuts
   Orc:2: 2050 daAuts
  Lair:5: 1982 daAuts
   Orc:1: 1980 daAuts
  Lair:1: 1891 daAuts
  Lair:2: 1861 daAuts
    D:12: 1534 daAuts
     D:8: 1465 daAuts
